 Dungeon Sprint DCSS version 0.17-a0-1778-gd369669 (webtiles) character file.

1389 KambridgeKobold the Fighter (level 8, -3/86 HPs)
             Began as a Minotaur Monk on Sept 8, 2015.
             Slain by a demonic crawler (12 damage)
             ... in the Dungeon (Sprint I: "Red Sonja").
             The game lasted 00:02:30 (565 turns).

KambridgeKobold the Fighter (Minotaur Monk)          Turns: 565, Time: 00:02:30

Health: -3/86      AC:  4    Str: 16    XL:     8   Next: 40%
Magic:  7/7        EV: 18    Int:  7    God:
Gold:   348        SH:  0    Dex: 15    Spells: 0 memorised, 7 levels left

rFire  . . .     SeeInvis .     k - +0 scythe
rCold  . . .     Clarity  .     l - +0 leather armour
rNeg   . . .     SustAt   .     (no shield)
rPois  .         Gourm    .     (helmet restricted)
rElec  .         Spirit   .     (no cloak)
rCorr  .         Warding  .     (no gloves)
rMut   .         NoTele   +     (no boots)
MR     .....                    (no amulet)
Stlth  ++........               (no ring)
                                (no ring)

@: exhausted, very slightly contaminated, hasted and slowed, not resistant to
hostile enchantments, unstealthy
A: retaliatory headbutt, horns 2
a: no special abilities


You were in the Dungeon.
You were not hungry.

You visited 1 branch You collected 418 gold pieces.
You spent 70 gold pieces at shops.

Inventory:

Hand weapons
 k - a +0 scythe (weapon)
Missiles
 m - 22 stones (quivered)
Armour
 a - a +0 robe
 l - a +0 leather armour (worn)
Scrolls
 h - a scroll of blinking
Potions
 c - a potion of curing
 d - a potion of heal wounds
 f - 2 potions of magic
 i - a potion of lignification {unknown}
 n - a potion of degeneration
 o - a potion of poison
Comestibles
 b - a bread ration


   Skills:
 + Level 13.6 Fighting
 * Level 10.3 Polearms
 * Level 10.0 Armour
 - Level 10.1 Dodging
 - Level 1.5 Stealth
 - Level 4.3 Unarmed Combat


You had 7 spell levels left.
You didn't know any spells.

Dungeon Overview and Level Annotations

Branches:
Dungeon (1/1)

Altars:
Cheibriados
Dithmenos
Elyvilon
Fedhas
Gozag
Kikubaaqudgha
Makhleb
Nemelex Xobeh
Okawaru
Qazlal
Ru
Sif Muna
Trog
Vehumet
Xom
Yredelemnul
Zin
The Shining One
Jiyva

Shops:
D !


Innate Abilities, Weirdness & Mutations

You reflexively headbutt those who attack you in melee.
You have a pair of horns on your head.


Message History

You kill the demonic crawler!
Your Polearms skill increases to level 10!
Your Armour skill increases to level 10!
The demonic crawler closely misses you. The demonic crawler hits you!
* * * LOW HITPOINT WARNING * * *
The demonic crawler hits you but does no damage.
Drink which item? (? for menu, Esc to quit)
You feel much better. The demonic crawler closely misses you.
The demonic crawler hits you.
* * * LOW HITPOINT WARNING * * *
The demonic crawler completely misses you.
You slash the demonic crawler!
The demonic crawler is lightly wounded.
The demonic crawler misses you. The demonic crawler hits you.
* * * LOW HITPOINT WARNING * * *
The demonic crawler barely misses you. The demonic crawler closely misses you.
You furiously retaliate!
You headbutt the demonic crawler.
The demonic crawler hits you but does no damage.
The demonic crawler hits you!
You die...

##################
.#..'..#__#..')..#
.'[.#..'..'..#)..##+#
'#####'#__####..@ss.#
.#...#.#### #####s.+
##..##.# ## _##'#..+
..'..._# _##_.#'#
_###+#.# ## ###


You could see 3 demonic crawlers.

Vanquished Creatures
  2 kobold demonologists (D)
  A demonic crawler (D)
  A slime creature (D)
  Sigmund (D)
  A yak (D)
  An ogre (D)
  A jelly (D)
  Ijyb (D)
  A giant eyeball (D)
10 creatures vanquished.

Notes
Turn   | Place    | Note
--------------------------------------------------------------
     0 | D        | KambridgeKobold the Minotaur Monk began the quest for the Orb.
     0 | D        | Reached XP level 1. HP: 19/19 MP: 0/0
     1 | D        | Noticed Ijyb
    12 | D        | Killed Ijyb
    12 | D        | Reached skill level 6 in Fighting
    12 | D        | Reached skill level 5 in Dodging
    12 | D        | Reached XP level 2. HP: 13/30 MP: 1/1
   180 | D        | Noticed an ogre
   185 | D        | Killed an ogre
   185 | D        | Reached skill level 8 in Fighting
   185 | D        | Reached XP level 3. HP: 34/41 MP: 2/2
   185 | D        | Reached XP level 4. HP: 40/49 MP: 3/3
   241 | D        | Noticed Sigmund
   254 | D        | Killed Sigmund
   254 | D        | Reached skill level 11 in Fighting
   254 | D        | Reached skill level 10 in Dodging
   254 | D        | Reached XP level 5. HP: 39/60 MP: 4/4
   254 | D        | Reached XP level 6. HP: 44/68 MP: 5/5
   379 | D        | Found a deep blue altar of Sif Muna.
   380 | D        | Noticed a jelly
   381 | D        | Found a radiant altar of Vehumet.
   388 | D        | Killed a jelly
   427 | D        | Found Qaipenez's Distillery.
   427 | D        | Found a white marble altar of Elyvilon.
   427 | D        | Found a stormy altar of Qazlal.
   427 | D        | Found a burning altar of Makhleb.
   427 | D        | Found a sacrificial altar of Ru.
   427 | D        | Found a basalt altar of Yredelemnul.
   427 | D        | Found a glowing golden altar of the Shining One.
   427 | D        | Found a sparkling altar of Nemelex Xobeh.
   427 | D        | Found a shimmering altar of Xom.
   427 | D        | Found an opulent altar of Gozag.
   427 | D        | Found an ancient bone altar of Kikubaaqudgha.
   427 | D        | Found a glowing silver altar of Zin.
   427 | D        | Noticed a yak
   428 | D        | Found an iron altar of Okawaru.
   436 | D        | Killed a yak
   436 | D        | Reached skill level 12 in Fighting
   436 | D        | Reached skill level 5 in Polearms
   437 | D        | Found a bloodstained altar of Trog.
   442 | D        | Bought a potion of degeneration for 10 gold pieces
   442 | D        | Bought a potion of poison for 10 gold pieces
   442 | D        | Bought a potion of heal wounds for 50 gold pieces
   513 | D        | Found a snail-covered altar of Cheibriados.
   513 | D        | Found a viscous altar of Jiyva.
   513 | D        | Found a shadowy altar of Dithmenos.
   513 | D        | Found a blossoming altar of Fedhas.
   513 | D        | Noticed a slime creature
   521 | D        | Killed a slime creature
   521 | D        | Reached XP level 7. HP: 75/78 MP: 6/6
   543 | D        | Noticed a kobold demonologist
   544 | D        | Noticed a kobold demonologist
   545 | D        | Noticed a smoke demon
   551 | D        | Noticed an orange demon
   552 | D        | Killed a kobold demonologist
   552 | D        | Reached skill level 13 in Fighting
   553 | D        | Killed a kobold demonologist
   553 | D        | Reached XP level 8. HP: 86/86 MP: 7/7
   557 | D        | Noticed a demonic crawler
   557 | D        | Noticed a demonic crawler
   557 | D        | Noticed a demonic crawler
   557 | D        | Noticed a demonic crawler
   563 | D        | Killed a demonic crawler
   563 | D        | Reached skill level 10 in Polearms
   563 | D        | Reached skill level 10 in Armour
   563 | D        | HP: 4/86 [demonic crawler (9)]
   565 | D        | Slain by a demonic crawler

Vault maps used:
D:        dungeon_sprint_1

Action                   |  1- 3 |  4- 6 |  7- 9 || total
-------------------------+-------+-------+-------++-------
Melee: Unarmed           |    12 |    22 |       ||    34
       Scythe            |       |     8 |    14 ||    22
  Use: Potion            |       |       |     3 ||     3
 Stab: Sleeping          |       |     1 |       ||     1
